 Dungeon Crawl Stone Soup version 0.30-a0-709-gcdc1b43e22 (webtiles) character file.

Game seed: 15294399154705652139

1302 Bnni the Merchant of Misery (level 8, -4/61 HPs)
             Began as a Demonspawn Necromancer on Jan 22, 2023.
             Was a Believer of Kikubaaqudgha.
             Slain by a gnoll
             ... wielding a +0 flail of protection
             ... led by a gnoll bouda
              (10 damage)
             ... on level 4 of the Dungeon.
             The game lasted 00:12:36 (4037 turns).

Bnni the Merchant of Misery (DsNe)                  Turns: 4037, Time: 00:12:37

Health: -4/61      AC:  4    Str:  9    XL:     8   Next: 31%
Magic:  2/15       EV: 12    Int: 18    God:    Kikubaaqudgha [**....]
Gold:   221        SH:  0    Dex: 14    Spells: 4/17 levels left

rFire   . . .      SeeInvis .    q - staff of death
rCold   . . .      Faith    .    (no shield)
rNeg    + . .      Spirit   .    a - +0 robe
rPois   .          Reflect  .    (no helmet)
rElec   .          Harm     .    (no cloak)
rCorr   .          Rampage  .    (no gloves)
Will    .....                    m - +0 pair of boots
Stlth   ++                       (no amulet)
HPRegen 0.30/turn                (no ring)
MPRegen 0.14/turn                (no ring)

@: animating dead (expiring)
A: spiny 1, sharp scales 1, demonic magic 1, weakness stinger 2
a: Renounce Religion, Unearth Wretches


You were on level 4 of the Dungeon.
You worshipped Kikubaaqudgha.
Kikubaaqudgha was pleased with you.
You visited 2 branches of the dungeon, and saw 7 of its levels.
You also visited: Ossuary.

You collected 221 gold pieces.

Inventory:

Hand Weapons
 h - a +0 dagger
 j - a +1 sling of flaming
Missiles
 l - 3 poisoned darts
Armour
 a - a +0 robe (worn)
 m - a +0 pair of boots (worn)
Magical Staves
 q - a staff of death (weapon)
Scrolls
 c - a scroll of enchant weapon {unknown}
 d - 2 scrolls of immolation {unknown}
 f - 2 scrolls of vulnerability
 g - a scroll of fog
 i - 2 scrolls of poison
 o - a scroll of enchant armour {unknown}
 r - 2 scrolls of magic mapping {unknown}
 s - a scroll of amnesia {unknown}
Potions
 b - a potion of magic
 e - 2 potions of haste {unknown}
 k - 2 potions of attraction
 n - a potion of might
 p - 3 potions of curing
 t - 2 potions of mutation {unknown}


   Skills:
 + Level 4.7 Fighting
 - Level 1.7 Dodging
 - Level 1.7 Stealth
 + Level 5.0 Spellcasting
 * Level 9.1 Necromancy


You had 4 spell levels left.
You knew the following spells:

 Your Spells              Type           Power      Damage    Failure   Level
a - Necrotise             Necr           100%       1d9       1%          1
b - Agony                 Necr           54%        N/A       9%          5
c - Vampiric Draining     Necr           54%        2d9       1%          3
d - Animate Dead          Necr           54%        N/A       3%          4

Your spell library contained the following spells:

 Spells                   Type           Power      Damage    Failure   Level
 Sublimation of Blood     Necr           54%        N/A       1%          2
 Cigotuvi's Dreadful Rot  Necr/Pois/Air  46%        N/A       6%          2
 Slow                     Hex            16%        N/A       13%         1
 Lesser Beckoning         Tloc           8%         N/A       21%         2
 Confusing Touch          Hex            4%         N/A       36%         3
 Gell's Gravitas          Tloc           4%         N/A       36%         3
 Teleport Other           Tloc           4%         N/A       36%         3


Dungeon Overview and Level Annotations

Branches:
Dungeon (6/15)             Temple (1/1) D:6         Ossuary (visited)

Altars:
Dithmenos
Kikubaaqudgha
Nemelex Xobeh
Okawaru
Ru
Trog
Vehumet
Yredelemnul

Shops:
D:4 [*

Annotations:
D:1 1 transporter


Innate Abilities, Weirdness & Mutations

You are partially covered in sharp spines.
You are partially covered in razor-sharp scales. (AC +1, Slay +1)
Spells you cast may paralyse adjacent enemies.
You have a tail ending in a sharp stinger.


Message History

The gnoll bouda barks out a call to the hunt!
The gnoll picks up the pace!
You completely miss the gnoll bouda.
You tail-slap the gnoll bouda, but do no damage.
The gnoll bouda hits you with a +0 whip.
You hit the gnoll bouda but do no damage.
The gnoll is no longer moving quickly.
The gnoll bouda is struck by your spines.
The gnoll bouda barely misses you.
You hit the gnoll bouda but do no damage.
Your tail-slap misses the gnoll bouda.
The gnoll bouda is moderately wounded.
The gnoll bouda barks out a call to the hunt!
The gnoll picks up the pace!
You hit the gnoll bouda.
The gnoll bouda is moderately wounded.
Your attacks no longer feel as feeble.
The gnoll bouda misses you.
The gnoll bouda is struck by your spines.
The gnoll bouda hits you with a +0 whip.
You barely miss the gnoll bouda. You tail-slap the gnoll bouda.
The gnoll bouda is heavily wounded.
Your reaping aura is weakening.
The gnoll bouda hits you with a +0 whip.
* * * LOW HITPOINT WARNING * * *
You hit the gnoll bouda but do no damage.
The gnoll bouda is heavily wounded.
The gnoll bouda is struck by your spines.
The gnoll bouda hits you with a +0 whip!
* * * LOW HITPOINT WARNING * * *
You hit the gnoll bouda but do no damage.
The gnoll bouda writhes in agony!
You kill the gnoll bouda!
Kikubaaqudgha accepts your kill.
Your Spellcasting skill increases to level 5!
You hit the gnoll.
The gnoll writhes in agony.
The gnoll is moderately wounded.
The gnoll hits you with a +0 flail of protection!
You die...
Kikubaaqudgha rasps: "You have failed me!
Welcome... death!"

#.........######.####
....##.....#.. ...
##.........#.# ## ##
#.........#.# .
##.....#..#.#.# ##
#......#..#.#.#...#
#..........g...._..
##.#......#g#.#...#
######...#@# # #
#...#)# #...#.#
###.#.. #.#### ##


You could see 2 gnolls.

Vanquished Creatures
  Sigmund (D:4)
  A black bear (D:5)
  2 phantoms
  2 scorpions
  6 water moccasin zombies (Ossuary)
  A jelly (D:4)
  3 hounds
  A gnoll bouda (D:4)
  An iguana (D:5)
  2 orc wizards (D:3)
  2 mummies (Ossuary)
  5 gnolls
  6 adders
  A white imp (D:5)
  A worm (D:2)
  4 adder zombies (Ossuary)
  A dart slug (D:4)
  5 orcs
  9 ball pythons
  5 endoplasms
  6 giant cockroaches
  6 goblins
  7 hobgoblins
  2 jackals (D:5)
  2 quokkas
  2 bats
  A frilled lizard (D:3)
  4 gnoll zombies (Ossuary)
  A goblin zombie (D:4)
  5 hobgoblin zombies (Ossuary)
  A kobold (D:1)
  4 kobold zombies (Ossuary)
  5 orc zombies (Ossuary)
  2 rats
  A rat zombie (D:4)
108 creatures vanquished.

Vanquished Creatures (others)
  A gnoll zombie (D:4)
  12 fungi (D:5)
13 creatures vanquished.

Grand Total: 121 creatures vanquished

Notes
Turn   | Place    | Note
-------+----------+-------------------------------------------
     0 | D:1      | Bnni the Demonspawn Necromancer began the quest for the
                  | Orb.
     0 | D:1      | Reached XP level 1. HP: 13/13 MP: 3/3
   345 | D:1      | Gained mutation: You have a small tail. [demonic ancestry]
   345 | D:1      | Reached XP level 2. HP: 19/20 MP: 3/5
  1077 | D:2      | Reached skill level 1 in Fighting
  1077 | D:2      | Reached skill level 5 in Necromancy
  1077 | D:2      | Gained mutation: You are partially covered in razor-sharp
                  | scales. (AC +1, Slay +1) [demonic ancestry]
  1077 | D:2      | Reached XP level 3. HP: 15/26 MP: 6/6
  1111 | D:2      | Learned a level 3 spell: Vampiric Draining
  1677 | D:3      | Reached XP level 4. HP: 32/32 MP: 7/7
  1686 | D:3      | You fall into a shaft and drop 3 floors!
  1694 | D:6      | Found a staircase to the Ecumenical Temple.
  1702 | Temple   | Entered the Ecumenical Temple
  1751 | Temple   | Became a worshipper of Kikubaaqudgha
  1802 | D:6      | Noticed a scorpion
  1848 | D:6      | Noticed an ogre
  1942 | D:5      | Entered Level 5 of the Dungeon
  1953 | D:4      | Found Lohut's Armour Emporium.
  1965 | D:5      | Noticed a scorpion
  1975 | D:5      | Killed a scorpion
  1976 | D:5      | Reached skill level 6 in Necromancy
  1976 | D:5      | Gained mutation: You are partially covered in sharp spines.
                  | [demonic ancestry]
  1976 | D:5      | Reached XP level 5. HP: 34/38 MP: 5/9
  2007 | D:5      | Noticed a black bear
  2051 | D:5      | Killed a black bear
  2052 | D:5      | Gained mutation: You have a tail ending in a sharp stinger.
                  | [demonic ancestry]
  2052 | D:5      | Reached XP level 6. HP: 34/46 MP: 3/10
  2128 | D:5      | Learned a level 4 spell: Animate Dead
  2131 | D:5      | Found a shadowy altar of Dithmenos.
  2271 | D:4      | Found Zin's Purification Station.
  2288 | D:4      | Found a radiant altar of Vehumet.
  2293 | D:4      | Reached skill level 7 in Necromancy
  2371 | D:4      | Found a sand-covered staircase.
  2379 | Ossuary  | Entered an ossuary
  2417 | Ossuary  | Gained mutation: Spells you cast may paralyse adjacent
                  | enemies. [demonic ancestry]
  2417 | Ossuary  | Reached XP level 7. HP: 33/52 MP: 12/12
  2513 | Ossuary  | Reached * piety under Kikubaaqudgha
  2513 | Ossuary  | Received a gift from Kikubaaqudgha
  2648 | Ossuary  | Reached skill level 8 in Necromancy
  3302 | D:3      | Reached XP level 8. HP: 17/61 MP: 10/14
  3486 | D:3      | Reached ** piety under Kikubaaqudgha
  3563 | D:3      | Learned a level 5 spell: Agony
  4006 | D:4      | Found a sacrificial altar of Ru.
  4008 | D:4      | Noticed Sigmund
  4027 | D:4      | Killed Sigmund
  4028 | D:4      | Reached skill level 9 in Necromancy
  4037 | D:4      | Reached skill level 5 in Spellcasting
  4037 | D:4      | Slain by a gnoll

Illustrated notes

Levels and vault maps discovered:
D:1:      spicycebolla_arrival_transporter_tutorial, layout_loops_ring,
          dreamdust_wishing_well, minivault_25, st_stairs_7
D:2:      layout_basic
D:3:      layout_loops_ring
D:4:      layout_cave_pools, nicolae_ru_sacrificial_ziggurat,
          nicolae_vehumet_altar_sigil, zin_purify, enter_ossuary_4,
          nicolae_take_the_stairs, uniq_sigmund
D:5:      layout_rooms, grunt_dithmenos_shadows, serial_aquarium,
          aquarium_bridge_long_joined [aquarium_subvault_window,
          aquarium_subvault_bridge, aquarium_subvault_wall,
          aquarium_subvault_wall, aquarium_subvault_wall,
          aquarium_subvault_bridge], aquarium_window_1,
          aquarium_window_corridor_1, aquarium_view_2d, uniq_eustachio,
          uniq_edmund
D:6:      layout_loops_ring, tso_altar, minmay_temple_entry_crystal_x,
          minivault_23, uniq_prince_ribbit1
Temple:   hellmonk_temple_flake

Skill      XL: |  1  2  3  4  5  6  7  8 |
---------------+-------------------------+-----
Fighting       | 1 2 3 4 |  4.7
Necromancy     | 5 6 7 8 9 |  9.1
Spellcasting   | 3 4 5 |  5.0
Dodging        | |  1.7
Stealth        | |  1.7

Action                     |  1- 3 |  4- 6 |  7- 9 || total
---------------------------+-------+-------+-------++-------
  Melee: Dagger            |     8 |     2 |       ||    10
         Unarmed           |     1 |       |       ||     1
         Tailslap          |     1 |    11 |    29 ||    41
         Staff             |       |    30 |   148 ||   178
         Punch             |       |       |     1 ||     1
   Fire: Sling             |    46 |    32 |    20 ||    98
  Throw: Dart              |       |     3 |       ||     3
   Cast: Necrotise         |    23 |     5 |     8 ||    36
         Vampiric Draining |       |     7 |     7 ||    14
         Animate Dead      |       |       |     2 ||     2
    Use: Scroll            |       |       |     7 ||     7
   Stab: Sleeping          |       |     1 |     1 ||     2
 Armour: Robe              |     4 |    15 |    33 ||    52
  Dodge: Dodged            |    17 |    54 |    88 ||   159

Table legend: (Time is in decaauts)
 A = Elapsed time spent in this place.
 B = Non-inter-level travel time spent in this place.
 C = Inter-level travel time spent in this place.
 D = Time resting spent in this place.
 E = Time spent auto-exploring this place.
 F = Levels seen in this place.
 G = Mean time per level.
                   A        B        C        D        E       F      G
               +--------+--------+--------+--------+--------+-----+--------+
         Total |   4106 |   4011 |     95 |    750 |   2186 |   8 |  513.2 |
       Dungeon |   3363 |   3276 |     87 |    337 |   2126 |   6 |  560.5 |
        Temple |     58 |     50 |      8 |      0 |     34 |   1 |   58.0 |
       Ossuary |    684 |    684 |      0 |    413 |     26 |   1 |  684.0 |
               +--------+--------+--------+--------+--------+-----+--------+

Top non-repeatable levels by time:
     D:1: 997 daAuts
     D:3: 951 daAuts
 Ossuary: 684 daAuts
     D:2: 516 daAuts
     D:4: 365 daAuts
     D:5: 335 daAuts
     D:6: 198 daAuts
  Temple: 58 daAuts
